 Dungeon Crawl Stone Soup version 0.29-a0-520-gc852659d43 (webtiles) character file.

Game seed: 6573768313405502490

70 jifgo the Conjurer (level 4, 33/33 HPs)
             Began as a Demonspawn Conjurer on June 1, 2022.
             Got out of the dungeon alive.
             The game lasted 00:05:55 (1848 turns).

jifgo the Conjurer (Demonspawn Conjurer)            Turns: 1848, Time: 00:05:56

Health: 33/33      AC:  3    Str:  8    XL:     4   Next: 3%
Magic:  8/8        EV: 12    Int: 21    God:
Gold:   54         SH:  4    Dex: 11    Spells: 2/8 levels left

rFire   . . .      SeeInvis .   d - +0 dagger
rCold   . . .      Faith    .   (no shield)
rNeg    . . .      Spirit   .   a - +0 robe
rPois   .          Reflect  .   (no helmet)
rElec   .          Harm     .   (no cloak)
rCorr   .          Rampage  .   (no gloves)
Will    .....                   j - +0 pair of boots
Stlth   ++........              (no amulet)
HPRegen 0.11/turn               (no ring)
MPRegen 0.22/turn               (no ring)

@: no status effects
A: magic regeneration, condensation shield
a: no special abilities


You escaped.
You visited 1 branch of the dungeon, and saw 2 of its levels.

You collected 54 gold pieces.

Inventory:

Hand Weapons
 d - a +0 dagger (weapon)
Missiles
 h - 5 poisoned darts
 l - 6 javelins
Armour
 a - a +0 robe (worn)
 j - a +0 pair of boots (worn)
Scrolls
 c - a scroll of poison {unknown}
 e - a scroll of fog {unknown}
 i - 2 scrolls of teleportation {unknown}
 n - a scroll of immolation {unknown}
 o - a scroll of identify {unknown}
Potions
 b - a potion of magic
 f - 3 potions of curing {unknown}
 g - a potion of brilliance {unknown}
 k - 2 potions of haste {unknown}
 m - a potion of flight {unknown}


   Skills:
 + Level 1.9 Fighting
 - Level 1.7 Dodging
 - Level 1.7 Stealth
 + Level 2.8 Spellcasting
 + Level 4.5 Conjurations


You had 2 spell levels left.
You knew the following spells:

 Your Spells              Type           Power      Damage    Failure   Level
a - Searing Ray           Conj           44%        2d6       3%          2
b - Dazzling Flash        Conj/Hex       24%        N/A       16%         3
x - Magic Dart            Conj           88%        1d7       1%          1

Your spell library contained the following spells:

 Spells                   Type           Power      Damage    Failure   Level
 Fulminant Prism          Conj/Hex       6%         3d7       45%         4
 Iskenderun's Mystic Bla  Conj/Tloc      12%        2d5       45%         4


Dungeon Overview and Level Annotations

Branches:
Dungeon (2/15)

Altars:


Innate Abilities, Weirdness & Mutations

You regenerate magic rapidly.
A meltable shield of frost defends you. (SH +4)


Message History

You kill the jackal!
Casting: Magic Dart (safe; 1% risk of failure)
Confirm with . or Enter, or press ? or * to list all spells.
Aiming: Searing Ray (safe; 3% risk of failure)
Press: ? - help, Shift-Dir - straight line, f - giant cockroach
Aim: a giant cockroach (78% to hit)
The searing ray hits the jackal!
You kill the jackal!
The searing ray hits the jackal.
You kill the jackal!
The searing ray hits the jackal!
You kill the jackal!
The searing ray hits the giant cockroach.
You kill the giant cockroach! (Press . to maintain the ray.)
You have reached level 4!
You feel stronger.
Your demonic ancestry asserts itself...
Frost condenses into a shield before you.
(D) Dungeon
Where to? (Enter - D:1 @ (x,y), ? - help)
There is a stone staircase leading up here.
You climb upwards.
There is a stone staircase leading down here.
(D) Dungeon
Where to? (Enter - D:1, ? - help)
Okay, then.
Magic restored.
You see here a +0 spear.
You enter the shallow water.
Moving in this stuff is going to be slow.
You enter the shallow water.
Moving in this stuff is going to be slow.
You enter the shallow water.
Moving in this stuff is going to be slow.
You enter the shallow water.
Moving in this stuff is going to be slow.
There is an open door here.
There is a staircase leading out of the dungeon here.
Are you sure you want to leave the Dungeon?
This will make you lose the game!
You have escaped!

#.≈≈≈#++≈≈ #≈≈≈≈≈≈≈≈≈
#.≈≈≈≈≈≈≈≈ #.≈≈≈##≈≈≈≈
#.≈≈≈##≈≈≈≈ ≈≈# ≈#
#.≈≈≈≈≈≈≈≈≈ ≈≈##≈#
#≈≈≈≈≈≈≈######≈≈≈≈#
#######.≈####≈#....#≈≈≈≈#
........≈'.>#≈#.@>.#≈≈≈≈#
######..≈####≈#....#≈≈≈≈#
........≈≈≈≈≈≈####'#≈≈≈≈#
#####..#.≈≈≈≈≈≈≈≈≈≈≈≈≈≈≈#
.......##≈.≈.≈≈........≈#
#####..###########.######
.).....# #..#
######.####### #.##
............># #.#


There were no monsters in sight!

Vanquished Creatures
  An adder (D:2)
  2 dart slugs (D:1)
  An orc (D:2)
  6 ball pythons
  2 bats (D:1)
  An endoplasm (D:2)
  2 giant cockroaches (D:2)
  4 goblins
  4 hobgoblins
  7 jackals
  4 kobolds (D:1)
  2 quokkas (D:1)
  5 rats
41 creatures vanquished.

Vanquished Creatures (others)
  A gnoll (D:1)
1 creature vanquished.

Grand Total: 42 creatures vanquished

Notes
Turn   | Place    | Note
-------+----------+-------------------------------------------
     0 | D:1      | jifgo the Demonspawn Conjurer began the quest for the Orb.
     0 | D:1      | Reached XP level 1. HP: 13/13 MP: 3/3
   411 | D:1      | Reached skill level 1 in Fighting
   411 | D:1      | Gained mutation: You regenerate magic rapidly. [demonic
                  | ancestry]
   411 | D:1      | Reached XP level 2. HP: 7/21 MP: 0/5
   510 | D:1      | Learned a level 2 spell: Searing Ray
   576 | D:1      | Reached XP level 3. HP: 26/26 MP: 3/6
   752 | D:1      | Found a faded altar of an unknown god.
  1179 | D:2      | Learned a level 3 spell: Dazzling Flash
  1766 | D:2      | Gained mutation: A meltable shield of frost defends you.
                  | (SH +4) [demonic ancestry]
  1766 | D:2      | Reached XP level 4. HP: 33/33 MP: 4/8
  1848 | D:$      | Got out of the dungeon alive.

Illustrated notes

Levels and vault maps discovered:
D:1:      minmay_arrival_floating_metal, layout_basic,
          shapermc_ecumenical_altar_gd
D:2:      layout_basic, minmay_fractal_squares_5

Skill      XL: |  1 |
---------------+----+-----
Fighting       | 1 |  1.9
Dodging        | |  1.7
Stealth        | |  1.7
Spellcasting   | |  2.8
Conjurations   | |  4.5

Action                   |  1- 3 |  4- 6 || total
-------------------------+-------+-------++-------
Melee: Dagger            |    18 |       ||    18
 Cast: Magic Dart        |    54 |       ||    54
       Searing Ray       |     4 |       ||     4
  Use: Potion            |     1 |       ||     1
Armor: Robe              |     7 |       ||     7
Dodge: Dodged            |    28 |       ||    28

Table legend: (Time is in decaauts)
 A = Elapsed time spent in this place.
 B = Non-inter-level travel time spent in this place.
 C = Inter-level travel time spent in this place.
 D = Time resting spent in this place.
 E = Time spent auto-exploring this place.
 F = Levels seen in this place.
 G = Mean time per level.
                   A        B        C        D        E       F      G
               +--------+--------+--------+--------+--------+-----+--------+
         Total |   1866 |   1758 |    108 |    284 |   1132 |   2 |  933.0 |
       Dungeon |   1866 |   1758 |    108 |    284 |   1132 |   2 |  933.0 |
               +--------+--------+--------+--------+--------+-----+--------+

Top non-repeatable levels by time:
     D:1: 1244 daAuts
     D:2: 621 daAuts
